 Dungeon Crawl Stone Soup version 0.27.1-35-g4d5d836560 (webtiles) character file.

Game seed: 340417817110692911

77865 Faeu the Severer (level 15, -9/146 HPs)
             Began as a Minotaur Abyssal Knight on May 17, 2022.
             Was the Champion of Lugonu.
             Mangled by a naga (16 damage)
             ... on level 3 of the Snake Pit.
             The game lasted 03:02:49 (23517 turns).

Faeu the Severer (Minotaur Abyssal Knight)         Turns: 23517, Time: 03:02:50

Health: -9/146     AC: 21    Str: 24    XL:     15   Next: 16%
Magic:  0/18       EV:  6    Int:  5    God:    Lugonu [******]
Gold:   2404       SH:  0    Dex: 11    Spells: 14/14 levels left

rFire    + . .     SeeInvis .   P - +2 battleaxe of Zebbif {flame, *Rage Fly rN++ Str+3, axe}
rCold    . . .     Faith    .   (shield currently unavailable)
rNeg     + + .     Spirit   +   H - +2 plate armour {rF+}
rPois    +         Reflect  .   (helmet restricted)
rElec    .         Harm     .   L - +0 cloak
rCorr    +         Rampage  .   K - +0 pair of gloves
Will     +....     Rnd*Rage +   (no boots)
Stlth    ..........             t - amulet of Isaoq {Spirit Regen+ Int-5 Slay+3}
HPRegen  1.34/turn              A - ring of resist corrosion
MPRegen  0.16/turn              f - ring of poison resistance

@: lethally poisoned (-9 -> -10), about to teleport, flying, very slightly
contaminated, slowed, constricted, invisible, very slow
A: horns 2, retaliatory headbutt
a: Renounce Religion, Depart the Abyss, Bend Space, Banish, Corrupt, Enter the
Abyss


You were on level 3 of the Snake Pit.
You worshipped Lugonu.
Lugonu was exalted by your worship.
You visited 5 branches of the dungeon, and saw 24 of its levels.
You visited the Abyss 1 time.
You also visited: Sewer, Bailey and Volcano.

You collected 2404 gold pieces.


Innate Abilities, Weirdness & Mutations

You have a pair of horns on your head.
You reflexively headbutt those who attack you in melee.


   Skills:
 + Level 16.9 Fighting
 - Level 20.0 Axes
 - Level 14.3 Armour
 - Level 4.8 Dodging
 - Level 6.0 Invocations


You had 14 spell levels left.
You didn't know any spells.
Your spell library contained the following spells:

 Spells                   Type           Power      Damage    Failure   Level
 Apportation              Tloc           0%         N/A       99%         1
 Pain                     Necr           0%         1d4       99%         1
 Corpse Rot               Necr/Air       N/A        N/A       100%        2
 Passwall                 Tmut/Erth      0%         N/A       100%        2
 Gell's Gravitas          Tloc           0%         N/A       100%        3
 Ozocubu's Armour         Ice            0%         N/A       100%        3
 Portal Projectile        Hex/Tloc       0%         N/A       100%        3
 Stone Arrow              Conj/Erth      0%         3d7       100%        3
 Swiftness                Air            0%         N/A       100%        3
 Dispel Undead            Necr           0%         3d6       100%        4
 Ice Form                 Ice/Tmut       0%         N/A       100%        4
 Agony                    Necr           0%         N/A       100%        5
 Alistair's Intoxication  Tmut/Pois      0%         N/A       100%        5
 Blade Hands              Tmut           0%         N/A       100%        5
 Bolt of Magma            Conj/Fire/Erth 0%         4d4       100%        5
 Borgnjor's Vile Clutch   Necr/Erth      0%         N/A       100%        5
 Excruciating Wounds      Necr           0%         N/A       100%        5
 Freezing Cloud           Conj/Ice/Air   0%         6-21      100%        5
 Metabolic Englaciation   Hex/Ice        0%         N/A       100%        5
 Death Channel            Necr           0%         N/A       100%        6
 Dispersal                Tloc           0%         N/A       100%        6
 Eringya's Noxious Bog    Tmut/Pois      0%         N/A       100%        6
 Invisibility             Hex            0%         N/A       100%        6
 Simulacrum               Ice/Necr       0%         N/A       100%        6
 Shatter                  Erth           0%         3d5*      100%        9

Inventory:

Hand Weapons
 a - a +3 vampiric hand axe {axe}
   (You took it off an orc warrior on level 8 of the Dungeon)
 y - the +7 long sword of Dynapose {freeze, rC+ rN+, long}
   (You found it on level 5 of the Lair of Beasts)

   It freezes those it strikes, dealing additional cold damage.
   It can also slow down cold-blooded creatures.
   rC:        It protects you from cold.
   rN:        It protects you from negative energy.
 F - a +1 hand axe of freezing {axe}
   (You took it off an orc on level 7 of the Dungeon)
 J - a +6 war axe of distortion {axe}
   (You took it off a wight on level 8 of the Dungeon)
 P - the +2 battleaxe of Zebbif (weapon) {flame, *Rage Fly rN++ Str+3, axe}
   (You found it in a bailey)

   It burns those it strikes, dealing additional fire damage.
   Big, fiery blades are also staple armaments of hydra-hunters.
   Str:       It affects your strength (+3).
   rN:        It greatly protects you from negative energy.
   Fly:       It grants you flight.
   *Rage:     It may make you go berserk in combat.
 Z - the +7 flail of Dustur {vorpal, rCorr Str+4 Int+2, mace}
   (You found it on level 2 of the Lair of Beasts)

   It inflicts extra damage upon your enemies.
   Str:       It affects your strength (+4).
   Int:       It affects your intelligence (+2).
   rCorr:     It protects you from acid and corrosion.
Missiles
 n - 75 boomerangs (quivered) {throwing}
 u - 52 poisoned darts {throwing}
 v - a curare-tipped dart {=fthrowing}
 X - 11 atropa-tipped darts {throwing}
Armour
 i - a +2 tower shield
   (You took it off a naga warrior on level 1 of the Snake Pit)
 w - a +0 ring mail of cold resistance
   (You found it in a bailey)
 H - a +2 plate armour of fire resistance (worn)
   (You found it in a volcano)
 K - a +0 pair of gloves (worn)
   (You found it on level 5 of the Lair of Beasts)
 L - a +0 cloak (worn)
   (You took it off Maurice on level 8 of the Dungeon)
 V - the +6 scale mail of a bazaar {Rampage Str+4 Slay-2}
   (You found it on level 1 of the Lair of Beasts)

   Str:       It affects your strength (+4).
   Slay:      It affects your accuracy & damage with ranged weapons and melee
   (-2).
   Rampage:   It bestows one free step when moving towards enemies.
Jewellery
 b - the amulet of Law {RegenMP rN+}
   (You found it on level 2 of the Snake Pit)

   [amulet of magic regeneration]

   It increases your rate of magic regeneration.
   rN:        It protects you from negative energy.
 f - a ring of poison resistance (right hand)
   (You found it on level 9 of the Dungeon)
 h - a ring of see invisible
   (You took it off a kobold on level 2 of the Dungeon)
 t - the amulet of Isaoq (around neck) {Spirit Regen+ Int-5 Slay+3}
   (You found it on level 5 of the Dungeon)

   [amulet of guardian spirit]

   It causes incoming damage to be divided between your reserves of health and
   magic.
   Int:       It affects your intelligence (-5).
   Slay:      It affects your accuracy & damage with ranged weapons and melee
   (+3).
   Regen:     It increases your rate of health regeneration.
 A - a ring of resist corrosion (left hand)
   (You found it on level 5 of the Dungeon)
 W - a ring of flight
   (You found it on level 1 of the Lair of Beasts)
Wands
 E - a wand of iceblast (10)
   (You found it on level 8 of the Dungeon)
 G - a wand of flame (22)
   (You found it on level 10 of the Dungeon)
 N - a wand of acid (7)
   (You took it off Maurice on level 8 of the Dungeon)
 U - a wand of paralysis (3)
   (You found it on level 11 of the Dungeon)
Scrolls
 c - a scroll of magic mapping {!r}
 e - 2 scrolls of amnesia
 g - a scroll of torment {unknown}
 m - a scroll of fog
 o - 4 scrolls of enchant weapon
 p - a scroll of fear {unknown}
 s - a scroll of brand weapon {unknown}
 x - 2 scrolls of immolation {!r!r}
 z - 2 scrolls of enchant armour
 B - a scroll of vulnerability {unknown}
Potions
 d - a potion of might {unknown}
 k - 4 potions of ambrosia
 l - a potion of magic {unknown}
 q - 2 potions of attraction {unknown}
 r - 2 potions of mutation {unknown}
 D - 2 potions of invisibility
 M - 3 potions of lignification {unknown}
 Q - 4 potions of curing {@q1}
 R - a potion of flight
 T - a potion of heal wounds {@q2}
 Y - 2 potions of cancellation {unknown}
Miscellaneous
 O - a tin of tremorstones (2/2) {throwing}
   (You found it on level 5 of the Lair of Beasts)

Dungeon Overview and Level Annotations

Branches:
Dungeon (12/15)            Temple (1/1) D:6            Lair (6/6) D:11
  Swamp (2/4) Lair:2        Snake (3/4) Lair:4        Slime (0/5) Lair:5
  Sewer (visited)          Bailey (visited)         Volcano (visited)
    Orc: D:9-12

Altars:
Cheibriados
Elyvilon
Fedhas
Gozag
Hepliaklqana
Kikubaaqudgha
Makhleb
Nemelex Xobeh
Okawaru
Qazlal
Ru
Trog
Uskayaw
Jiyva

Shops:
D:2 *(   D:3 (   D:6 *

Annotations:
D:9 Erolcha
D:10 2 transporters, TheWayOfAllFlesh's ghost, novice GnTm
Lair:1 exclusion: 3 oklob plants
Snake:1 2 transporters, Wiulula's ghost, adept DECj
Abyss:1 Saint Roka

#... ...# )...
#...# .....
#...# .....##
#...#
#......##...##
.............#
.............#
#...@N....# ...
##.##NN...#
....#..#.NN...#
..##....N....##
#.#..........#
##........#†###
#......##.#.#
#..††.....#.#
#..<....#.#.#


You could see a naga ritualist (toxic aura), 2 naga magi and 2 nagas.


Message History

The naga mage points at you and mumbles some strange words.
The bolt of poison hits the naga mage!
The bolt of poison hits you. You resist.
* * * LOW HITPOINT WARNING * * *
The naga mage spits poison at you.
The splash of poison hits you but does no damage.
The naga mage gestures at you while chanting.
The bolt of poison hits the naga mage.
The bolt of poison hits you but does no damage.
You are poisoned.
You resist.
The naga mage casts a spell at the naga mage.
The naga mage seems to grow toxic. 😨 HP[-2] MP[-1]
You take 2 damage, and now have 38/146 hp.
You lost 1 mp, and now have 2/18 mp.
Space bends around you!
You blink.
You feel very sick.
The naga mage gestures at the naga while chanting.
The naga seems to grow toxic.
The naga spits poison at you.
The splash of poison misses you. 😱 HP[-6]
You take 6 damage, and now have 32/146 hp.
Space bends around you!
You blink.
You feel very sick.
The naga mage hits you from afar with a +0 spear!
* * * LOW HITPOINT WARNING * * *
The naga hits you but does no damage.
The naga mage hits you from afar with a +0 spear.
* * * LOW HITPOINT WARNING * * *
The naga mage gestures at you while chanting.
The bolt of poison hits you but does no damage.
You resist. 😱 HP[-16] MP[-2]
You take 16 damage, and now have 16/146 hp.
You lost 2 mp, and now have 0/18 mp.
You feel much better.
You feel very sick.
The naga mage hits you but does no damage.
The naga mage spits poison at you.
The splash of poison hits you but does no damage.
The naga closely misses you.
The naga mage hits you but does no damage.
The naga ritualist spits poison at you. The splash of poison misses you.
The naga mage hits you with a +0 whip.
* * * LOW HITPOINT WARNING * * *
The naga mage grabs you. The naga mage constricts you.
The naga hits you from afar with a +0 trident!
* * * LOW HITPOINT WARNING * * *
😱 HP[+11]
You regained 11 hp, and now have 27/146 hp.
You fade into invisibility!
You feel sick.
The naga mage hits you from afar with a +0 spear.
* * * LOW HITPOINT WARNING * * *
The naga mage barely misses you. The naga mage constricts you.
The naga ritualist hits you from afar with a +3 glaive!
* * * LOW HITPOINT WARNING * * *
The naga mage hits you but does no damage. x2
The naga mage constricts you. The naga hits you but does no damage.
The naga ritualist mumbles some strange prayers to its god against you.
You resist with significant effort.
The naga mage hits you but does no damage.
The naga mage loses its grip on you.
You are very lightly contaminated with residual magic. 😱 HP[-13]
You take 13 damage, and now have 14/146 hp.
You feel sick. The naga spits poison at you.
The splash of poison hits you but does no damage.
The naga ritualist mumbles some strange prayers to its god.
The naga ritualist begins to radiate toxic energy.
You are more poisoned.
The naga mage spits poison at you. The splash of poison misses you.
The naga closely misses you.
The naga mage hits you but does no damage. 😱 HP[+1] MP[+1]
You feel sick. The naga mage spits poison at you.
The splash of poison hits you but does no damage.
The naga hits you from afar with a +0 trident.
* * * LOW HITPOINT WARNING * * *
😱 HP[-1]
You take 1 damage, and now have 14/146 hp.
As you read the scroll of teleportation {@r4}, it crumbles to dust.
You feel strangely unstable.
You feel sick.
* * * LOW HITPOINT WARNING * * *
You are more poisoned.
The naga spits poison at you.
The splash of poison hits you but does no damage.
The naga barely misses you. The naga mage misses you. The naga mage grabs you.
The naga mage constricts you.
* * * LOW HITPOINT WARNING * * *
The naga ritualist hits you from afar with a +3 glaive.
* * * LOW HITPOINT WARNING * * *
The naga hits you from afar with a +0 trident!
You die...

Skill      XL: |  1  2  3  4  5  6  7  8  9 10 11 12 13 14 |
---------------+-------------------------------------------+-----
Fighting       | 4 5 6 10 16 | 16.9
Invocations    | 2 3 4 6 |  6.0
Axes           | 3 4 5 9 12 15 16 18 20 | 20.0
Armour         | 3 4 5 7 11 13 14 | 14.3
Dodging        | 2 3 4 |  4.8

Action                   |  1- 3 |  4- 6 |  7- 9 | 10-12 | 13-15 || total
-------------------------+-------+-------+-------+-------+-------++-------
Melee: Hand axe          |    67 |       |    22 |   130 |       ||   219
       Headbutt          |    11 |    17 |    70 |    99 |    92 ||   289
       Dagger            |    21 |    37 |       |       |       ||    58
       Short sword       |       |    80 |   156 |       |       ||   236
       Mace              |       |       |   215 |       |       ||   215
       War axe           |       |       |    16 |    58 |   111 ||   185
       Battleaxe         |       |       |       |   292 |   358 ||   650
Throw: Dart              |       |       |    15 |     6 |       ||    21
       Boomerang         |       |       |       |   101 |     8 ||   109
Invok: Bend Space        |       |       |     7 |     4 |     7 ||    18
       Banish            |       |       |       |     3 |     3 ||     6
       Brand Weapon With |       |       |       |       |     1 ||     1
Evoke: Wand              |       |       |       |     8 |       ||     8
       Tin of tremorston |       |       |       |       |     1 ||     1
  Use: Scroll            |       |       |     7 |     8 |    11 ||    26
       Potion            |       |       |     4 |     2 |    10 ||    16
Armor: Leather armour    |    17 |    29 |    30 |       |       ||    76
       Plate armour      |       |       |   117 |   352 |   285 ||   754
       Scale mail        |       |       |       |    72 |    13 ||    85
Dodge: Dodged            |    42 |    84 |   209 |   339 |   192 ||   866

Levels and vault maps discovered:
D:1:      eino_arrival_water_star, layout_basic, minmay_unequal
D:2:      layout_rooms, serial_shops, nicolae_shop_overgrown_old_shop, shop,
          uniq_sigmund, uniq_terence
D:3:      layout_loops_cross, hangedman_ru_absence, serial_shops,
          nicolae_shop_crystal, chequers_ecumenical_altar_simple
D:4:      layout_gridville, nicolae_elyvilon_peaceful_grove,
          small_statue_intersection
D:5:      layout_loops_corners, gup_sewer_entry_spiral,
          kennysheep_generic_room_2
D:6:      layout_rooms, minmay_temple_entry_drinking_statues,
          nicolae_elemental_shop
D:7:      layout_loops_corners, grunt_temple_overflow_bloody_war,
          nicolae_gozag_cash_rules_everything_around_me, serial_undead,
          serial_undead_e, serial_undead_d, serial_undead_f, serial_undead_b,
          lightli_minifort
D:8:      kennysheep_blocky_hall, layout_basic, mainiacjoe_overflow_catwalk,
          mainiacjoe_overflow_paths, kennysheep_generic_room_16, uniq_maurice
D:9:      layout_big_octagon, serial_shops, nicolae_lakefront_shop, uniq_erolcha
D:10:     layout_gridville, mainiacjoe_overflow_catwalk_spiral,
          gammafunk_ghost_smash
D:11:     minmay_the_grid_triangle_9x9_line_8_mashed
          [minmay_the_grid_triangle_9x9_skeleton,
          minmay_the_grid_triangle_9x9_cache,
          minmay_the_grid_triangle_9x9_shrine,
          minmay_the_grid_triangle_9x9_longest,
          minmay_the_grid_triangle_9x9_descending_squares,
          minmay_the_grid_triangle_9x9_semitri,
          minmay_the_grid_triangle_9x9_sparse_checkered,
          minmay_the_grid_triangle_9x9_prize_center], layout_cave_pools,
          grunt_lair_entry_orc_guard_hut, enter_bailey_2,
          minmay_misc_feat_pillars
D:12:     kennysheep_snake, layout_basic, minmay_orc_entry_temple_small
Temple:   cyrus_circular_temple
Lair:1:   layout_chaotic_city, serial_bayou_shore_b, grunt_megastairs_2,
          lemuel_fruit_tree, minmay_lair_oklob_chamber
Lair:2:   layout_long_grid, nicolae_swamp_entry_splash_gauntlet, tgw_fedhas,
          infiniplex_staircase_pool_2, uniq_prince_ribbit2
Lair:3:   layout_regular_city
Lair:4:   layout_roguey, minmay_snake_entry_six_corridors, enter_volcano_4,
          grunt_megastairs_3
Lair:5:   layout_hall_layers, slime_altar_1
Lair:6:   evil_forest, layout_hall_layers
Swamp:1:  layout_falls_marsh, evilmike_swamp_ruin_rubble_1,
          nicolae_swamp_round_clearing, uniq_louise
Swamp:2:  layout_falls_marsh, infiniplex_staircase_pool, swamp_pool1,
          cheibrodos_swamp_minitomb
Snake:1:  layout_grid_maze, gammafunk_ghost_berserking_beasts
Snake:2:  layout_honeycomb, uniq_saint_roka
Snake:3:  nicolae_snake_shooting_gallery, layout_misc_corridors,
          nicolae_snake_coiling_death

Notes
Turn   | Place    | Note
-------+----------+-------------------------------------------
     0 | Abyss:1  | Faeu the Minotaur Abyssal Knight began the quest for the
                  | Orb.
     0 | Abyss:1  | Reached XP level 1. HP: 19/19 MP: 1/1
     0 | Abyss:1  | magus.rc [v1.9.6]
    69 | Abyss:1  | Noticed a crimson imp
    77 | Abyss:1  | Noticed a yellow draconian annihilator
   100 | Abyss:1  | Killed a crimson imp
   101 | Abyss:1  | Reached skill level 4 in Fighting
   101 | Abyss:1  | Reached skill level 2 in Invocations
   101 | Abyss:1  | Reached XP level 2. HP: 21/27 MP: 2/2
   101 | Abyss:1  | Reached XP level 3. HP: 26/33 MP: 3/3
   164 | D:1      | You pass through the gate.
   164 | D:1      | Escaped the Abyss
   453 | D:1      | Reached skill level 3 in Axes
   467 | D:1      | Reached skill level 3 in Armour
   791 | D:1      | HP: 8/33 [kobold (5)]
  1119 | D:1      | Reached ** piety under Lugonu
  1123 | D:1      | Reached skill level 2 in Dodging
  1554 | D:2      | Found Dusoxur's General Store.
  1564 | D:2      | Found Woki's Antique Weapon Boutique.
  1567 | D:2      | Reached XP level 4. HP: 40/40 MP: 4/4
  1822 | D:2      | Noticed Terence
  1828 | D:2      | HP: 10/40 [Terence (9)]
  1831 | D:2      | Killed Terence
  1834 | D:2      | HP: 7/41 [hobgoblin (2)]
  2133 | D:2      | Noticed Sigmund
  2144 | D:2      | Killed Sigmund
  2145 | D:2      | Reached skill level 4 in Axes
  2145 | D:2      | Reached skill level 4 in Armour
  2145 | D:2      | Reached skill level 3 in Dodging
  2145 | D:2      | Reached skill level 3 in Invocations
  2145 | D:2      | Reached XP level 5. HP: 34/47 MP: 6/6
  2145 | D:2      | Reached XP level 6. HP: 40/55 MP: 7/7
  2454 | D:3      | magus.rc [v1.9.6]
  2460 | D:3      | Found a sacrificial altar of Ru.
  2525 | D:3      | Reached skill level 5 in Fighting
  2719 | D:3      | Found a faded altar of an unknown god.
  3079 | D:3      | Found Ilynlusia's Antique Weapon Shop.
  3283 | D:4      | Reached *** piety under Lugonu
  3698 | D:4      | Reached XP level 7. HP: 35/61 MP: 8/8
  3839 | D:4      | Found a white marble altar of Elyvilon.
  4188 | D:5      | Entered Level 5 of the Dungeon
  4274 | D:5      | Identified the amulet of Isaoq {Spirit Regen+ Int-5 Slay+3}
  4667 | D:5      | Reached skill level 4 in Invocations
  4675 | D:5      | Found a glowing drain.
  4679 | Sewer    | Entered a sewer
  4685 | Sewer    | Reached skill level 5 in Axes
  4853 | Sewer    | Reached **** piety under Lugonu
  4854 | Sewer    | Reached skill level 5 in Armour
  4854 | Sewer    | Reached skill level 4 in Dodging
  4882 | Sewer    | Found a white marble altar of Elyvilon.
  5448 | D:5      | Reached skill level 6 in Fighting
  5465 | D:5      | HP: 11/63 [gnoll (8)]
  5574 | D:5      | Reached XP level 8. HP: 48/70 MP: 6/10
  5845 | D:6      | Found a staircase to the Ecumenical Temple.
  6148 | D:6      | Reached skill level 6 in Axes
  6297 | D:6      | Found Gaacwaj's Elemental Accessories.
  6419 | D:6      | You pick up a book of Party Tricks and begin reading...
  6419 | D:6      | You add the spells Apportation, Alistair's Intoxication and
                  | Invisibility to your library.
  6738 | D:6      | Reached skill level 7 in Axes
  6929 | D:7      | Reached skill level 8 in Axes
  7025 | D:7      | Reached skill level 9 in Axes
  7041 | D:7      | Reached XP level 9. HP: 73/78 MP: 8/11
  7201 | D:7      | HP: 19/78 [poisoned by a water moccasin]
  7206 | D:7      | Reached skill level 10 in Axes
  7331 | D:7      | Reached skill level 5 in Invocations
  7456 | Temple   | Entered the Ecumenical Temple
  7535 | D:7      | Found an opulent altar of Gozag.
  8155 | D:7      | Found a bloodstained altar of Trog.
  8160 | D:7      | Found an iron altar of Okawaru.
  8196 | D:7      | Reached skill level 11 in Axes
  8196 | D:7      | Reached skill level 6 in Invocations
  8403 | D:8      | Found a hide-covered altar of Uskayaw.
  8542 | D:8      | Reached ***** piety under Lugonu
  8757 | D:8      | HP: 17/72 [killer bee (3)]
  8758 | D:8      | HP: 7/72 [orc priest/divine providence (10)]
  8760 | D:8      | HP: 3/73 [orc priest (5)]
  8770 | D:8      | HP: 11/73 [orc priest (1)]
  8772 | D:8      | Reached skill level 12 in Axes
  8951 | D:8      | Found a snail-covered altar of Cheibriados.
  9022 | D:8      | Noticed Maurice
  9039 | D:8      | Killed Maurice
  9040 | D:8      | Reached XP level 10. HP: 81/84 MP: 10/13
  9120 | D:8      | Reached skill level 13 in Axes
  9598 | D:9      | Noticed a two-headed ogre
  9606 | D:9      | HP: 6/84 [two-headed ogre (20)]
  9879 | D:9      | Noticed a two-headed ogre
  9969 | D:8      | Reached skill level 14 in Axes
 10335 | D:9      | Noticed Erolcha
 10361 | D:10     | Entered Level 10 of the Dungeon
 10529 | D:10     | Found a burning altar of Makhleb.
 10539 | D:10     | You pick up a book of Pain and begin reading...
 10539 | D:10     | You add the spells Pain, Agony and Excruciating Wounds to
                  | your library.
 10610 | D:10     | Found a stormy altar of Qazlal.
 10641 | D:10     | Reached skill level 6 in Armour
 10775 | D:10     | Noticed TheWayOfAllFlesh's ghost (novice GnTm)
 10777 | D:10     | Identified the +1 great mace of Kismet {flame, rElec rN+
                  | Int+4}
 10777 | D:10     | Noticed a two-headed ogre
 10779 | D:10     | Found a transporter.
 10907 | D:10     | You add the spells Borgnjor's Vile Clutch and Eringya's
                  | Noxious Bog to your library.
 11081 | D:10     | Reached skill level 7 in Armour
 11161 | D:10     | Found a transporter.
 11161 | D:10     | Noticed a two-headed ogre
 11340 | D:11     | Reached skill level 15 in Axes
 11341 | D:11     | Found a flagged portal.
 11355 | Bailey   | Entered a bailey
 11444 | Bailey   | Noticed an orc knight
 11454 | Bailey   | HP: 13/84 [orc warrior (9)]
 11704 | Bailey   | Banished an orc knight
 11705 | Bailey   | Reached XP level 11. HP: 91/91 MP: 9/14
 11743 | Bailey   | Identified the +2 battleaxe of Zebbif {flame, *Rage Fly
                  | rN++ Str+3}
 11881 | D:11     | Reached skill level 8 in Armour
 11962 | D:11     | You are sucked into a shaft and drop 1 floor!
 12446 | D:11     | Reached skill level 9 in Armour
 12644 | D:11     | Found a staircase to the Lair.
 12696 | D:11     | Noticed a green ugly thing
 12705 | D:11     | Reached skill level 16 in Axes
 12709 | D:11     | Killed a green ugly thing
 12714 | D:11     | Reached skill level 10 in Armour
 12844 | D:11     | You pick up a book of Burglary and begin reading...
 12844 | D:11     | You add the spells Passwall and Swiftness to your library.
 13048 | D:11     | Noticed a two-headed ogre
 13067 | D:11     | Noticed a tengu warrior
 13068 | D:11     | Banished a tengu warrior
 13071 | D:11     | Noticed a six-headed hydra
 13073 | D:11     | Noticed a boulder beetle
 13085 | D:11     | Noticed a two-headed ogre
 13087 | D:11     | HP: 21/91 [two-headed ogre (3)]
 13087 | D:11     | HP: 9/91 [two-headed ogre (12)]
 13208 | Lair:1   | Entered Level 1 of the Lair of Beasts
 13336 | Lair:1   | Reached skill level 11 in Armour
 13473 | Lair:1   | You pick up a book of Weapons and begin reading...
 13473 | Lair:1   | You add the spells Portal Projectile and Blade Hands to
                  | your library.
 13701 | Lair:1   | Noticed a five-headed hydra
 13730 | Lair:1   | Identified the +6 scale mail of a bazaar {Rampage Str+4
                  | Slay-2}
 13760 | Lair:1   | Reached XP level 12. HP: 94/97 MP: 13/15
 13820 | Lair:1   | Killed a two-headed hydra
 14005 | Lair:1   | Reached skill level 17 in Axes
 14777 | Lair:2   | Noticed an eight-headed hydra
 14784 | Lair:2   | Killed a seven-headed hydra
 14785 | Lair:2   | Reached skill level 12 in Armour
 15062 | Lair:2   | Found a blossoming altar of Fedhas.
 15132 | Lair:2   | Noticed a four-headed hydra
 15149 | Lair:2   | Killed a one-headed hydra
 15227 | Lair:2   | Identified the +7 flail of Dustur {vorpal, rCorr Str+4
                  | Int+2}
 15366 | Lair:2   | Noticed Prince Ribbit
 15389 | Lair:2   | Killed Prince Ribbit
 15406 | Lair:2   | Reached skill level 13 in Armour
 15567 | Lair:2   | Found a staircase to the Swamp.
 15746 | Lair:2   | Reached skill level 18 in Axes
 16327 | Lair:3   | Reached ****** piety under Lugonu
 16386 | Lair:3   | Noticed an eight-headed hydra
 16394 | Lair:3   | Killed a six-headed hydra
 16511 | Lair:3   | Noticed a four-headed hydra
 16516 | Lair:3   | Killed a one-headed hydra
 16793 | Lair:3   | Reached XP level 13. HP: 103/103 MP: 14/16
 17132 | Lair:4   | Found a dark tunnel.
 17137 | Volcano  | Entered a volcano
 17384 | Volcano  | Reached skill level 14 in Armour
 17391 | Volcano  | Noticed a fire dragon
 17401 | Volcano  | Killed a fire dragon
 17613 | Volcano  | You pick up a book of Decay and begin reading...
 17613 | Volcano  | You add the spells Corpse Rot, Dispel Undead and Death
                  | Channel to your library.
 17755 | Lair:4   | You pick up a book of the Earth and begin reading...
 17755 | Lair:4   | You add the spells Stone Arrow, Bolt of Magma and Shatter
                  | to your library.
 17864 | Lair:4   | Identified the +5 ring mail "Vubott" {*Corrode Str+3}
 17934 | Lair:4   | Reached skill level 7 in Fighting
 17935 | Lair:4   | Found a staircase to the Snake Pit.
 18126 | Lair:4   | Identified a +6 war axe of distortion {axe} (a +4 war axe
                  | {axe} corrupted by Lugonu)
 18126 | Lair:4   | Received a gift from Lugonu
 18169 | Lair:5   | Reached skill level 19 in Axes
 18408 | Lair:5   | Reached skill level 8 in Fighting
 18491 | Lair:5   | Found a staircase to the Slime Pits.
 18492 | Lair:5   | Found a viscous altar of Jiyva.
 18591 | Lair:5   | Identified the +7 long sword of Dynapose {freeze, rC+ rN+}
 18725 | Lair:5   | Reached skill level 9 in Fighting
 19153 | Lair:6   | Entered Level 6 of the Lair of Beasts
 19287 | Lair:6   | Reached skill level 10 in Fighting
 19298 | Lair:6   | HP: 24/113 [wyvern (6)]
 19305 | Lair:6   | HP: 25/113 [blink frog (2)]
 19310 | Lair:6   | HP: 21/113 [hell hound/blast of flame (8)]
 19506 | Swamp:1  | Entered Level 1 of the Swamp
 19580 | Swamp:1  | Noticed a thorn hunter
 19641 | Swamp:2  | Noticed an eleionoma
 19651 | Swamp:2  | Banished an eleionoma
 19809 | Snake:1  | Entered Level 1 of the Snake Pit
 19820 | Lair:4   | Reached skill level 20 in Axes
 19820 | Lair:4   | Reached XP level 14. HP: 99/122 MP: 6/17
 19899 | Snake:1  | Reached skill level 11 in Fighting
 19924 | Snake:1  | Found a transporter.
 19997 | Snake:1  | Identified the +1 robe "Ysets" {rCorr}
 20226 | Snake:1  | Reached skill level 12 in Fighting
 20545 | Snake:1  | Found a transporter.
 20546 | Snake:1  | Noticed Wiulula's ghost (adept DECj)
 20692 | Snake:1  | Reached skill level 13 in Fighting
 21456 | Snake:1  | Reached skill level 14 in Fighting
 21882 | Snake:2  | Identified the +6 arbalest "Diucin" {penet, Dex+2}
 22057 | Snake:2  | Reached skill level 15 in Fighting
 22156 | Snake:2  | You add the spells Gell's Gravitas, Ice Form, Freezing
                  | Cloud and Dispersal to your library.
 22156 | Snake:2  | Got the Incunabulum of the Glacier and Dislocation
 22166 | Snake:2  | Identified the amulet of Law {RegenMP rN+}
 22174 | Snake:2  | You pick up a book of Winter and begin reading...
 22174 | Snake:2  | You add the spells Ozocubu's Armour, Metabolic Englaciation
                  | and Simulacrum to your library.
 22981 | Snake:2  | Noticed Saint Roka
 23002 | Snake:2  | Banished Saint Roka
 23003 | Snake:2  | Reached skill level 16 in Fighting
 23003 | Snake:2  | Reached XP level 15. HP: 130/145 MP: 7/18
 23500 | Snake:3  | HP: 33/145 [anaconda (6)]
 23511 | Snake:3  | HP: 32/146 [poisoned by a naga mage (bolt of poison)]
 23514 | Snake:3  | HP: 14/146 [naga ritualist (8)]
 23517 | Snake:3  | Mangled by a naga

Vanquished Creatures
  A fire dragon (Volcano)
  3 naga warriors
  7 hydras
  9 anacondas
  A boulder beetle (Lair:5)
  4 death yaks (Lair:5)
  2 shock serpents (Snake:1)
  2 spriggans (Swamp:1)
  2 naga sharpshooters (Snake:2)
  A goliath frog (Swamp:2)
  A lindwurm (Volcano)
  7 naga ritualists
  2 bog bodies (Lair:2)
  10 mana vipers
  2 orc sorcerers (Snake:2)
  An ugly thing (D:11)
  A salamander (Snake:2)
  2 cyclopes (D:11)
  An oklob plant (Lair:2)
  5 elephants (Lair:6)
  Maurice (D:8)
  31 black mambas
  5 naga magi
  A gargoyle (D:11)
  A rime drake (Lair:6)
  7 cane toads
  6 komodo dragons
  5 trolls
  2 hornets (Swamp:1)
  A tyrant leech (Swamp:1)
  2 polar bears
  Prince Ribbit (Lair:2)
  10 blink frogs
  Sigmund (D:2)
  A shadow (D:11)
  23 yaks
  3 wyverns
  4 basilisks
  A vampire (D:11)
  2 wraiths
  3 fire bats (Volcano)
  8 vampire mosquitoes
  4 steam dragons
  3 swamp worms
  3 hell hounds (Volcano)
  11 nagas
  18 water moccasins
  2 ice beasts
  11 orc warriors
  3 black bears
  6 necrophages (D:7)
  9 wolves
  7 centaurs
  2 kobold brigands
  9 bullfrogs
  A gnoll sergeant (D:8)
  4 scorpions
  2 water moccasin zombies (D:7)
  A water moccasin skeleton (D:4)
  19 killer bees
  14 wights
  An electric eel (Lair:2)
  3 howler monkeys
  A centaur skeleton (D:5)
  A crimson imp (Abyss:1)
  7 orc priests
  6 centaur zombies
  A hound (D:5)
  A jelly (D:6)
  A bullfrog skeleton (D:5)
  A gnoll shaman (D:7)
  11 orc wizards
  Terence (D:2)
  2 killer bee zombies
  A hound skeleton (D:4)
  3 howler monkey zombies
  17 gnolls
  4 river rats
  12 adders
  A white imp (D:7)
  2 ufetubi
  An adder skeleton (D:4)
  4 dart slugs
  49 orcs
  2 endoplasms
  5 giant cockroaches
  10 goblins
  10 hobgoblins
  2 jackals (Sewer)
  5 quokkas
  7 ball pythons
  8 bats
  2 frilled lizards
  32 kobolds
  6 rats
532 creatures vanquished.

Vanquished Creatures (others)
  A briar patch (Swamp:1)
  18 fungi
  26 plants
  6 withered plants (D:7)
51 creatures vanquished.

Grand Total: 583 creatures vanquished

Table legend:
 A = Non-vault XP
 B = Vault XP
 C = Vault XP percentage of total XP
 D = Non-vault monster count
 E = Vault monster count
 F = Vault count percentage of total count
                 A         B        C        D         E       F
            +---------+---------+-------+---------+---------+-------
      Total |   84626 |   26610 |  23.9 |     400 |     138 |  25.7
            +---------+---------+-------+---------+---------+-------
        D:1 |      37 |       6 |  14.0 |      22 |       3 |  12.0
        D:2 |      61 |     259 |  80.9 |      17 |       2 |  10.5
        D:3 |     171 |       0 |   0.0 |      16 |       0 |   0.0
        D:4 |     278 |       0 |   0.0 |      19 |       0 |   0.0
        D:5 |     551 |      59 |   9.7 |      21 |       8 |  27.6
        D:6 |     545 |       0 |   0.0 |      15 |       0 |   0.0
        D:7 |    1112 |    1034 |  48.2 |      32 |      14 |  30.4
        D:8 |    2372 |    1188 |  33.4 |      39 |       7 |  15.2
        D:9 |     535 |       0 |   0.0 |       7 |       0 |   0.0
       D:10 |    1504 |       0 |   0.0 |      17 |       0 |   0.0
       D:11 |    2744 |    4950 |  64.3 |      18 |      15 |  45.5
       D:12 |     223 |     732 |  76.6 |       6 |       4 |  40.0
     Lair:1 |    2546 |    1457 |  36.4 |      10 |       4 |  28.6
     Lair:2 |    5329 |    3277 |  38.1 |      19 |      10 |  34.5
     Lair:3 |    6047 |       0 |   0.0 |      21 |       0 |   0.0
     Lair:4 |    3678 |    2734 |  42.6 |      13 |      11 |  45.8
     Lair:5 |    7254 |       0 |   0.0 |      13 |       0 |   0.0
     Lair:6 |    5650 |       0 |   0.0 |      13 |       0 |   0.0
    Swamp:1 |    2949 |       0 |   0.0 |       7 |       0 |   0.0
    Swamp:2 |    1921 |       0 |   0.0 |       2 |       0 |   0.0
    Snake:1 |   21477 |       0 |   0.0 |      41 |       0 |   0.0
    Snake:2 |   12136 |    6569 |  35.1 |      22 |       9 |  29.0
    Snake:3 |    5460 |       0 |   0.0 |       9 |       0 |   0.0
    Abyss:1 |      46 |       0 |   0.0 |       1 |       0 |   0.0
      Sewer |       0 |     136 | 100.0 |       0 |       9 | 100.0
     Bailey |       0 |    1075 | 100.0 |       0 |      32 | 100.0
    Volcano |       0 |    3134 | 100.0 |       0 |      10 | 100.0
            +---------+---------+-------+---------+---------+-------

Illustrated notes

Table legend:
 A = Kills in this place as a percentage of kills in entire the game.
 B = Kills by you in this place as a percentage of kills by you in the entire game.
 C = Kills by friends in this place as a percentage of kills by friends in the entire game.
 D = Other kills in this place as a percentage of other kills in the entire game.
 E = Experience gained in this place as a percentage of experience gained in the entire game.
 F = Experience gained in this place divided by the number of levels of this place that you have seen.
                   A       B       C       D       E      F
               +-------+-------+-------+-------+-------+----------------------
         Total | 100.0 | 100.0 |   N/A | 100.0 | 100.0 | 3972.7
       Dungeon |  52.4 |  52.8 |   N/A |  16.7 |  16.5 | 1530.1
          Lair |  21.2 |  21.4 |   N/A |   0.0 |  34.1 | 6328.7
         Swamp |   1.7 |   1.3 |   N/A |  33.3 |   4.4 | 2435.0
     Snake Pit |  15.1 |  14.8 |   N/A |  33.3 |  41.0 | 15214.0
         Abyss |   0.2 |   0.2 |   N/A |   0.0 |   0.0 |  46.0
         Sewer |   1.7 |   1.7 |   N/A |   0.0 |   0.1 | 136.0
        Bailey |   5.9 |   5.8 |   N/A |  16.7 |   1.0 | 1075.0
       Volcano |   1.9 |   1.9 |   N/A |   0.0 |   2.8 | 3134.0
               +-------+-------+-------+-------+-------+----------------------

Table legend: (Time is in decaauts)
 A = Elapsed time spent in this place.
 B = Non-inter-level travel time spent in this place.
 C = Inter-level travel time spent in this place.
 D = Time resting spent in this place.
 E = Time spent auto-exploring this place.
 F = Levels seen in this place.
 G = Mean time per level.
                   A        B        C        D        E       F      G
               +--------+--------+--------+--------+--------+-----+--------+
         Total |  23834 |  22877 |    957 |   3911 |   9533 |  28 |  851.2 |
       Dungeon |  12365 |  11903 |    462 |   1141 |   6043 |  12 | 1030.4 |
        Temple |      1 |      1 |      0 |      0 |      0 |   1 |    1.0 |
          Lair |   6040 |   5622 |    418 |   1237 |   2166 |   6 | 1006.7 |
         Swamp |    178 |    178 |      0 |     89 |      0 |   2 |   89.0 |
     Snake Pit |   3628 |   3553 |     75 |   1043 |   1045 |   3 | 1209.3 |
         Abyss |    165 |    165 |      0 |     62 |     69 |   1 |  165.0 |
         Sewer |    382 |    382 |      0 |    100 |    113 |   1 |  382.0 |
        Bailey |    507 |    507 |      0 |      0 |     24 |   1 |  507.0 |
       Volcano |    566 |    566 |      0 |    238 |     72 |   1 |  566.0 |
               +--------+--------+--------+--------+--------+-----+--------+

Top non-repeatable levels by time:
 Snake:1: 2239 daAuts
     D:5: 1746 daAuts
     D:8: 1634 daAuts
     D:7: 1552 daAuts
  Lair:1: 1479 daAuts
     D:1: 1390 daAuts
 Snake:2: 1351 daAuts
    D:11: 1312 daAuts
  Lair:2: 1300 daAuts
  Lair:3: 1298 daAuts
  Lair:5: 1086 daAuts
    D:10: 945 daAuts
     D:4: 933 daAuts
     D:3: 897 daAuts
     D:2: 823 daAuts
